 Dungeon Crawl Stone Soup version 0.23.2-33-g5129a83184 (webtiles) character file.

Game seed: 4468079524299131408

75 MalarOregon the Digger (level 4, -3/36 HPs)
             Began as a Ghoul Earth Elementalist on July 12, 2019.
             Slain by Sigmund
             ... wielding a +0 scythe
              (7 damage)
             ... on level 3 of the Dungeon.
             The game lasted 00:04:43 (2054 turns).

MalarOregon the Digger (Ghoul Earth Elementalist)   Turns: 2054, Time: 00:04:44

Health: -3/36      AC:  4    Str: 14    XL:     4   Next: 31%
Magic:  0/6        EV: 12    Int: 13    God:
Gold:   56         SH:  0    Dex:  6    Spells: 1/7 levels left

rFire    . . .     SeeInvis .   j - +2 dagger (freeze)
rCold    + . .     Gourm    .   (no shield)
rNeg     + + +     Faith    .   c - +0 robe
rPois    ∞         Spirit   .   (no helmet)
rElec    .         Reflect  .   (no cloak)
rCorr    .         Harm     .   h - +1 pair of gloves
MR       .....                  (no boots)
Stlth    ++........             q - amulet "Jeahewa" {Regen+ Str+3 Int+2 Dex-3 Slay+3}
HPRegen  0.00/turn              (no ring)
MPRegen  0.10/turn              (no ring)

@: very slightly contaminated, rotting
A: rotting body, claws 1, carnivore, cold resistance 1, negative energy
resistance 3, inhibited regeneration, torment resistance, unbreathing
a: no special abilities


You were on level 3 of the Dungeon.
You were not hungry.

You visited 1 branch of the dungeon, and saw 4 of its levels.

You collected 56 gold pieces.

Inventory:

Hand Weapons
 j - a +2 dagger of freezing (weapon)
   (You took it off a goblin on level 2 of the Dungeon)
 m - a +2 vampiric hand axe
   (You found it on level 4 of the Dungeon)
Missiles
 b - 53 stones (quivered)
Armour
 c - a +0 robe (worn)
 h - a +1 pair of gloves (worn)
   (You found it on level 1 of the Dungeon)
Jewellery
 q - the amulet "Jeahewa" (around neck) {Regen+ Str+3 Int+2 Dex-3 Slay+3}
   (You found it on level 4 of the Dungeon)

   [amulet of regeneration]

   It affects your strength (+3).
   It affects your intelligence (+2).
   It affects your dexterity (-3).
   It affects your accuracy and damage with ranged weapons and melee attacks
   (+3).
   It increases your rate of regeneration.
Scrolls
 a - a scroll of fog {unknown}
 g - 3 scrolls of identify {unknown}
 i - 2 scrolls of teleportation {unknown}
 l - 2 scrolls of noise {unknown}
 n - 2 scrolls of random uselessness {unknown}
 p - a scroll of fear {unknown}
Comestibles
 e - 4 rations {!d}
 o - 5 chunks of flesh


   Skills:
 + Level 1.7 Fighting
 + Level 2.4 Dodging
 - Level 2.1 Stealth
 + Level 2.3 Spellcasting
 + Level 0.0 Conjurations
 + Level 1.4 Transmutations
 + Level 3.8 Earth Magic


You had one spell level left.
You knew the following spells:

 Your Spells              Type           Power        Failure   Level  Hunger
a - Sandblast             Erth           ##....       4%          1    #......
q - Passwall              Tmut/Erth      #.......     13%         2    ###....
x - Stone Arrow           Conj/Erth      #.....       32%         3    ###....

Your spell library contained the following spells:

 Spells                   Type           Power        Failure   Level  Hunger
 Petrify                  Tmut/Erth      #.......     63%         4    #####..
 Lee's Rapid Deconstruct  Erth           ##........   80%         5    ######.


Dungeon Overview and Level Annotations

Branches:
Dungeon (4/15)
 Temple: D:4-7

Altars:

Annotations:
D:3 Sigmund


Innate Abilities, Weirdness & Mutations

Your body is rotting away.
You thrive on raw meat.
You are immune to poison.
You have sharp fingernails.
You are carnivorous and can eat meat at any time.
Your flesh is cold resistant. (rC+)
You are immune to negative energy. (rN+++)
You do not regenerate when monsters are visible.
You are immune to unholy pain and torment.
You can survive without breathing.


Message History

It was a potion of cancellation.
Your magical effects are unravelling.
You feel magically purged.
You feel less confused. Sigmund gestures at you while chanting.
You resist with some effort.
You can't see any susceptible monsters within range! (Use Z to cast anyway.)
Aim: Sigmund, wielding a +0 scythe and wearing a +0 robe The blast of sand hits Sigmund.
b - 58 stones Sigmund mumbles some strange words.
Sigmund flickers and vanishes!
Deactivating autopickup; reactivate with Ctrl-A.
You can't see any susceptible monsters within range! (Use Z to cast anyway.)
b - 57 stones The blast of sand hits something but does no damage.
b - 56 stones Something hits you.
b - 55 stones Unknown command.
The blast of sand hits something.
b - 54 stones You hear some strange, mumbled words.
You are confused.
Some of the chunks of flesh in your inventory have rotted away.
It was a potion of berserk rage.
You cannot raise a blood rage in your lifeless body.
Something hits you!
It was a potion of lignification.
You feel woody for a moment. Something hits you.
* * * LOW HITPOINT WARNING * * *
You bump into the rock wall.
Something hits you!
* * * LOW HITPOINT WARNING * * *
You feel less confused.
A puff of flame appears from out of thin air!
The puff of flame hits you.
* * * LOW HITPOINT WARNING * * *
Okay, then.
The blast of sand hits something!
b - 53 stones You miscast Sandblast.
You are very lightly contaminated with residual magic.
Nothing appears to happen.
Something hits you but does no damage.
You don't have enough magic to cast that spell.
Eat one of 6 chunks of flesh? (ye/n/q)
You eat one of the 6 chunks of flesh.
This raw flesh tastes great!
Something hits you!
You die...

#.#..# #.# .#...#
#.# #.#).### #.#
.##..#.# #.#
....##.# #.#
...###.# #.#
''##.#.# #.#
.......#### #.#
.###......# #@#
.########.# #.#
........#.# #.#
####...##.# #.#
..........# #.#
.###.###########.#
[# #...........#.#
.# ###########.#.#
.# #.#.#


There were no monsters in sight!

Vanquished Creatures
  An adder (D:4)
  An ooze (D:1)
  3 dart slugs
  A leopard gecko (D:1)
  5 orcs
  5 giant cockroaches
  8 goblins
  7 hobgoblins
  3 jackals (D:1)
  A quokka (D:3)
  A bat (D:1)
  3 kobolds (D:1)
  7 rats
46 creatures vanquished.

Notes
Turn   | Place    | Note
-------+----------+-------------------------------------------
     0 | D:1      | MalarOregon the Ghoul Earth Elementalist began the quest
                  | for the Orb.
     0 | D:1      | Reached XP level 1. HP: 14/14 MP: 2/2
   311 | D:1      | Reached XP level 2. HP: 5/22 MP: 0/3
   608 | D:1      | Reached skill level 1 in Fighting
   756 | D:1      | Learned a level 2 spell: Passwall
   792 | D:1      | Reached skill level 1 in Transmutations
   823 | D:1      | Reached XP level 3. HP: 15/28 MP: 3/5
  1309 | D:2      | You fall through a shaft for 2 floors!
  1596 | D:4      | Reached XP level 4. HP: 16/35 MP: 0/6
  1788 | D:4      | Got a flickering amethyst amulet
  1823 | D:3      | Identified the amulet "Jeahewa" {Regen+ Str+3 Int+2 Dex-3
                  | Slay+3} (You found it on level 4 of the Dungeon)
  2026 | D:3      | Noticed Sigmund
  2032 | D:3      | Learned a level 3 spell: Stone Arrow
  2049 | D:3      | HP: 1/36 [something/puff of flame (5)]
  2054 | D:3      | Slain by Sigmund

Skill      XL: |  1  2 |
---------------+-------+-----
Dodging        | 2 |  2.4
Spellcasting   | 2 |  2.3
Fighting       | 1 |  1.7
Transmutations | 1 |  1.4
Stealth        | |  2.1
Earth Magic    | |  3.8

Action                   |  1- 3 |  4- 6 || total
-------------------------+-------+-------++-------
Melee: Unarmed           |     8 |       ||     8
       Dagger            |    77 |    23 ||   100
 Cast: Sandblast         |    34 |     6 ||    40
  Use: Potion            |       |     3 ||     3
 Stab: Distracted        |     1 |       ||     1
       Sleeping          |     2 |     1 ||     3
  Eat: Chunk             |    13 |     1 ||    14
Armor: Robe              |    26 |     4 ||    30
Dodge: Dodged            |    76 |    13 ||    89
